 Dungeon Crawl Stone Soup version 0.29.0-13-gc9e81de378 (webtiles) character file.

Game seed: 11161914973843544661

8318 avis the Grappler (level 10, -3/96 HPs)
             Began as a Demigod Transmuter on Sept 10, 2022.
             Slain by an orc warrior
             ... wielding a +0 war axe
              (9 damage)
             ... in a bailey.
             The game lasted 00:58:59 (11183 turns).

avis the Grappler (Demigod Transmuter)             Turns: 11183, Time: 00:59:00

Health: -3/96      AC:  7    Str: 19    XL:     10   Next: 82%
Magic:  12/19      EV: 19    Int: 19    God:
Gold:   442        SH:  0    Dex: 14    Spells: 8/17 levels left

rFire   x . .      SeeInvis .     - Unarmed
rCold   + + +      Faith    .   (shield currently unavailable)
rNeg    . . .      Spirit   .   (body armour currently unavailable)
rPois   +          Reflect  .   (helmet currently unavailable)
rElec   .          Harm     .   (cloak currently unavailable)
rCorr   .          Rampage  .   (gloves currently unavailable)
Will    +....                   (boots currently unavailable)
Stlth   +.........              (no amulet)
HPRegen 0.26/turn               g - +4 ring of evasion
MPRegen 0.16/turn               t - +4 ring of evasion

@: ice-form, very slightly contaminated
A: freezing attack, amphibious, boosted hp, large, high MP 1, forlorn, divine
attributes
a: End Transformation


You were in a bailey.
You were a creature of crystalline ice.
You visited 2 branches of the dungeon, and saw 10 of its levels.
You also visited: Sewer and Bailey.

You collected 442 gold pieces.

Inventory:

Hand Weapons
 q - a +0 sling
 T - a +0 vampiric halberd
Missiles
 d - 22 poisoned darts
 h - 5 datura-tipped darts
 j - 6 atropa-tipped darts
Armour
 k - +0 steam dragon scales (melded)
 B - a +0 robe of fire resistance
 M - a +2 ring mail of positive energy
 R - a +0 hat (melded)
Jewellery
 g - a +4 ring of evasion (left front paw)
 t - a +4 ring of evasion (right front paw)
 y - a ring of resist corrosion
 S - a ring of positive energy
Wands
 D - a wand of mindburst (10)
 H - a wand of polymorph (7)
 K - a wand of quicksilver (23)
Scrolls
 a - a scroll of fog
 c - 4 scrolls of summoning
 e - 4 scrolls of teleportation {unknown}
 n - 2 scrolls of amnesia
 o - 4 scrolls of vulnerability {unknown}
 r - 4 scrolls of enchant armour {unknown}
 u - 2 scrolls of blinking
 A - 5 scrolls of fear {unknown}
Potions
 b - 3 potions of lignification
 l - 2 potions of might
 m - 3 potions of cancellation
 p - 2 potions of ambrosia
 s - 2 potions of haste
 v - a potion of berserk rage {unknown}
 z - 2 potions of heal wounds {unknown}
 F - a potion of magic {unknown}
 G - 3 potions of invisibility
 I - a potion of brilliance {unknown}
 J - 3 potions of mutation {unknown}
 N - 5 potions of curing


   Skills:
 * Level 4.8 Fighting
 - Level 5.0 Dodging
 - Level 12.0 Unarmed Combat
 - Level 4.0 Spellcasting
 - Level 7.0 Transmutations
 - Level 2.0 Ice Magic
 - Level 1.0 Poison Magic


You had 8 spell levels left.
You knew the following spells:

 Your Spells              Type           Power      Damage    Failure   Level
e - Wereblood             Tmut           30%        N/A       1%          2
p - Spider Form           Tmut/Pois      19%        N/A       8%          3
q - Ice Form              Ice/Tmut       20%        N/A       22%         4

Your spell library contained the following spells:

 Spells                   Type           Power      Damage    Failure   Level
 Beastly Appendage        Tmut           60%        N/A       1%          1
 Static Discharge         Conj/Air       3%         3-4/arc   21%         2
 Petrify                  Tmut/Erth      17%        N/A       32%         4
 Confusing Touch          Hex            3%         N/A       38%         3
 Stone Arrow              Conj/Erth      6%         3d7       38%         3
 Yara's Violent Unravell  Hex/Tmut       8%         3d5       65%         5
 Anguish                  Hex/Necr       1%         N/A       80%         4
 Animate Armour           Summ/Erth      6%         N/A       80%         4
 Dispel Undead            Necr           3%         3d7       80%         4
 Sticky Flame             Conj/Fire      3%         2d3       80%         4
 Metabolic Englaciation   Hex/Ice        3%         N/A       94%         5
 Statue Form              Tmut/Erth      11%        N/A       99%         6
 Enfeeble                 Hex            1%         N/A       100%        7
 Lehudib's Crystal Spear  Conj/Erth      1%         10d2      100%        8


Dungeon Overview and Level Annotations

Branches:
Dungeon (9/15)             Temple (1/1) D:6           Sewer (visited)
 Bailey (1/1)
   Lair: D:8-11         Orc: D:9-12

Shops:
D:1 [!


Innate Abilities, Weirdness & Mutations

You are a creature of crystalline ice.
You have a powerful freezing melee attack.
You are amphibious.
Your maximum health is increased.
Your armour is entirely melded.
You are incapable of wielding weapons or throwing items.
You have an increased reservoir of magic. (+10% MP)
You shall have no god before yourself.
Your divine heritage dramatically boosts your attributes as you level up.


Message History

Your +0 hat melds into your body.
Your +0 steam dragon scales melds into your body.
Your extra speed is starting to run out.
The orc warlord hits you with a +4 battleaxe!
* * * LOW HITPOINT WARNING * * *
You hit the orc warlord but do no damage.
The orc warlord is heavily wounded.
The orc warlord closely misses you.
You hit the orc warlord. You freeze the orc warlord.
The orc warlord is heavily wounded.
You hit the orc warlord. You freeze the orc warlord.
The orc warlord is heavily wounded.
The orc warlord roars a battlecry!
The orc goes into a battle-frenzy!
You pummel the orc warlord!! You freeze the orc warlord!
The orc warlord is almost dead.
You punch the orc warlord! You freeze the orc warlord.
The orc warlord is almost dead.
Unknown command.
You hit the orc warlord but do no damage.
The orc warlord is almost dead.
The goblin hits you but does no damage. The orc warlord barely misses you.
Unknown command.
You pummel the orc warlord!! You freeze the orc warlord.
You kill the orc warlord!
Training target 4.0 for Spellcasting reached!
Your Spellcasting skill increases to level 4!
You need to enable at least one skill for training.
You feel yourself slow down.
There is an open door, spattered with blood here.
Items here: ))) [[[ ÷÷.
You close the door, pushing everything out of the way.
Items here: ))) ÷.
A goblin opens the door.
You close the door.
A goblin breaks down the door.
The orc warrior no longer looks unusually strong.
There is a fountain of clear blue water here.
You hit the orc warrior but do no damage.
The orc warrior hits you with a +0 war axe!
You die...

#........)..#...
#...........#... ♣♣♣
###[[.......###..
♣♣♣.♣♣♣♣
###.#'#).o..###.###
♣♣......♣###...)o###.###
....#
♣.......##.........###
.....
♣♣.......#......g....#
.....
♣........'....o......#
.....
♣...∩.∩..'....Y⌠.....#
.....
♣♣.......'.....).....#
.....
♣.......#.....).....#
.....
♣.......##.........###
.....
♣.....♣♣♣###.....###.###
....# ♣♣♣...♣
###.#+#.....###.###
♣♣♣♣♣ ###.........###..
#...........#...
#...........#...


You could see an orc warrior, an orc (strong) and a goblin.

Vanquished Creatures
  Gastronok (D:8)
  An orc warlord (Bailey)
  Pikel (D:4)
  Psyche (D:8)
  A hornet (D:9)
  Sigmund (D:6)
  9 yaks (D:8)
  A steam dragon (D:8)
  A water moccasin (D:7)
  Pargi (Sewer)
  Duvessa (D:7)
  3 sky beasts
  2 ice beasts
  11 orc warriors
  An ogre (D:6)
  A centaur (D:5)
  Blork the orc (D:6)
  A kobold brigand (Sewer)
  2 bullfrogs
  A scorpion (D:5)
  3 wights (D:8)
  Dowan (D:7)
  6 killer bees (D:8)
  An electric eel (D:8)
  3 howler monkeys (D:7)
  6 hounds
  A jelly (D:5)
  A gnoll bouda (D:8)
  2 orc priests (D:8)
  Ijyb (D:4)
  5 iguanas
  6 orc wizards
  8 gnolls
  10 adders
  4 river rats (D:5)
  2 shadow imps
  An ufetubus (D:6)
  6 worms
  5 dart slugs
  32 orcs
  5 endoplasms
  A giant cockroach (D:4)
  20 goblins
  11 hobgoblins
  8 jackals
  6 kobolds
  7 quokkas
  2 ball pythons
  2 bats (Sewer)
  5 frilled lizards
  11 rats
224 creatures vanquished.

Vanquished Creatures (others)
  6 plants
6 creatures vanquished.

Grand Total: 230 creatures vanquished

Notes
Turn   | Place    | Note
-------+----------+-------------------------------------------
     0 | D:1      | avis the Demigod Transmuter began the quest for the Orb.
     0 | D:1      | Reached XP level 1. HP: 15/15 MP: 5/5
    95 | D:1      | Reached skill level 1 in Fighting
   165 | D:1      | Reached skill level 3 in Unarmed Combat
   335 | D:1      | Reached XP level 2. HP: 16/23 MP: 7/7
   658 | D:1      | Found Vamegos's Distillery.
   700 | D:1      | Found Tesameto's Antique Armour Shoppe.
   704 | D:1      | Reached XP level 3. HP: 29/29 MP: 6/8
  1094 | D:1      | Learned a level 3 spell: Spider Form
  1441 | D:2      | Reached skill level 4 in Unarmed Combat
  1771 | D:2      | Reached XP level 4. HP: 30/36 MP: 9/9
  2017 | D:3      | Noticed a sky beast
  2027 | D:2      | Killed a sky beast
  2028 | D:2      | Reached skill level 1 in Poison Magic
  2028 | D:2      | Reached XP level 5. HP: 14/41 MP: 7/10
  2280 | D:3      | Learned a level 4 spell: Ice Form
  2399 | D:3      | Reached skill level 5 in Unarmed Combat
  3336 | D:4      | Noticed Pikel
  3360 | D:4      | Killed Pikel
  3361 | D:4      | Reached skill level 6 in Unarmed Combat
  3361 | D:4      | Reached XP level 6. HP: 15/51 MP: 8/13
  3361 | D:4      | Reached XP level 7. HP: 17/57 MP: 8/14
  3831 | D:4      | Noticed Ijyb
  3842 | D:4      | Killed Ijyb
  4272 | D:4      | Learned a level 2 spell: Wereblood
  4288 | D:5      | Entered Level 5 of the Dungeon
  4367 | D:5      | Found a glowing drain.
  4371 | Sewer    | Entered a sewer
  4584 | Sewer    | Noticed Pargi
  4592 | Sewer    | Killed Pargi
  4593 | Sewer    | Reached skill level 7 in Unarmed Combat
  4683 | Sewer    | Reached skill level 1 in Ice Magic
  5205 | D:5      | Reached XP level 8. HP: 51/63 MP: 12/15
  5763 | D:5      | Reached skill level 8 in Unarmed Combat
  6112 | D:6      | Found a staircase to the Ecumenical Temple.
  6112 | D:6      | Noticed Blork the orc
  6119 | D:6      | Killed Blork the orc
  6168 | Temple   | Entered the Ecumenical Temple
  7148 | D:6      | HP: 3/66 [orc warrior/+0 flail (16)]
  7154 | D:6      | Reached skill level 9 in Unarmed Combat
  7594 | D:6      | Noticed Sigmund
  7604 | D:6      | Killed Sigmund
  7706 | D:7      | Reached XP level 9. HP: 69/71 MP: 13/16
  8035 | D:7      | Noticed Duvessa
  8035 | D:7      | Noticed Dowan
  8047 | D:7      | Killed Duvessa
  8057 | D:7      | Killed Dowan
  8918 | D:8      | Reached skill level 10 in Unarmed Combat
  9209 | D:8      | Reached skill level 5 in Transmutations
  9229 | D:8      | Reached skill level 5 in Dodging
  9454 | D:8      | Noticed Gastronok
  9481 | D:8      | Killed Gastronok
  9482 | D:8      | Reached skill level 11 in Unarmed Combat
  9482 | D:8      | Reached XP level 10. HP: 35/78 MP: 9/17
 10048 | D:8      | Noticed Psyche
 10064 | D:8      | Killed Psyche
 10537 | D:9      | Identified a scroll of acquirement
 10537 | D:9      | Acquired a book of Sloth
 10675 | D:9      | Found a flagged portal.
 10699 | Bailey   | Entered a bailey
 10862 | Bailey   | Reached skill level 12 in Unarmed Combat
 11111 | Bailey   | Noticed an orc warlord
 11161 | Bailey   | HP: 2/93 [orc warlord/+4 battleaxe (16)]
 11168 | Bailey   | Killed an orc warlord
 11183 | Bailey   | Slain by an orc warrior

Illustrated notes

Levels and vault maps discovered:
D:1:      elethiomel_arrival_infinity_welcomes_careful_drivers, layout_rooms,
          serial_shops, nicolae_shop_overgrown_old_shop,
          nicolae_shop_advertising_works [nicolae_subvault_shop_adworks],
          shapermc_ecumenical_altar_mp_vishouse
D:2:      layout_basic, basic_altar
D:3:      layout_basic, mainiacjoe_overflow_small_starburst,
          nicolae_elyvilon_temple_path, nemelex_spade_bored_becter
D:4:      layout_cave_pods, lemuel_round_altar,
          nicolae_hepliaklqana_hazy_memory, uniq_ijyb, uniq_pikel
D:5:      layout_loops_ring, lightli_sewer_entry_pipes, kennysheep_dice
D:6:      nicolae_cairo_tiling, layout_basic,
          nicolae_gozag_cash_rules_everything_around_me,
          nicolae_wu_jian_wuxing_cycle, uniq_sigmund, uniq_blork_the_orc
D:7:      layout_loops_ring, nicolae_vehumet_altar_sigil, uniq_duvessa
D:8:      layout_basic, nicolae_overflow_squiral, uniq_gastronok, uniq_psyche
D:9:      layout_stronghold, enter_bailey_3
Temple:   minmay_temple_forest_path
Bailey:   bailey_axe_minmay_hex_keep, bailey

Skill      XL: |  1  2  3  4  5  6  7  8  9 10 |
---------------+-------------------------------+-----
Fighting       | 1 2 3 4 |  4.8
Unarmed Combat | 3 4 6 7 9 11 12 | 12.0
Spellcasting   | 2 3 4 |  4.0
Transmutations | 2 3 4 6 7 |  7.0
Poison Magic   | 1 |  1.0
Dodging        | 2 3 5 |  5.0
Ice Magic      | 2 |  2.0

Action                   |  1- 3 |  4- 6 |  7- 9 | 10-12 || total
-------------------------+-------+-------+-------+-------++-------
Melee: Unarmed           |    82 |    61 |   355 |   182 ||   680
       Kick              |    23 |    15 |    18 |       ||    56
       Headbutt          |    14 |    10 |    11 |       ||    35
       Punch             |     2 |     2 |     3 |       ||     7
 Cast: Beastly Appendage |    20 |    15 |    24 |     1 ||    60
       Spider Form       |       |     1 |    44 |    10 ||    55
       Ice Form          |       |       |     2 |     4 ||     6
 Abil: End Transformatio |       |       |     2 |     1 ||     3
  Use: Scroll            |       |       |    10 |     6 ||    16
       Potion            |       |       |       |     2 ||     2
 Stab: Sleeping          |       |       |     1 |     1 ||     2
Armor: Robe              |     3 |     4 |     6 |       ||    13
       Skin              |       |       |     3 |     8 ||    11
       Steam dragon scal |       |       |       |     1 ||     1
Dodge: Dodged            |    58 |    37 |   254 |   168 ||   517
